 Dungeon Crawl Stone Soup version 0.26.0-16-gc1dbca0489 (webtiles) character file.

Game seed: 12324542373471856878

22 thiole the Magician (level 2, 0/17 HPs)
             Began as an Octopode Hedge Wizard on Jan 21, 2021.
             Slain by an adder skeleton (3 damage)
             ... on level 2 of the Dungeon.
             The game lasted 00:01:18 (920 turns).

thiole the Magician (Octopode Hedge Wizard)          Turns: 920, Time: 00:01:18

Health: 0/17       AC:  1    Str:  9    XL:     2   Next: 91%
Magic:  1/6        EV: 13    Int: 16    God:
Gold:   44         SH:  0    Dex: 11    Spells: 6/7 levels left

rFire    . . .     SeeInvis .   k - +0 short sword (holy)
rCold    . . .     Faith    .   (no shield)
rNeg     . . .     Spirit   .   b - +0 hat
rPois    .         Reflect  .   (no amulet)
rElec    .         Harm     .   (no ring)
rCorr    .         Rampage  .   (no ring)
Will     .....                  (no ring)
Stlth    +++.......             (no ring)
HPRegen  0.05/turn              (no ring)
MPRegen  0.10/turn              (no ring)
                                (no ring)
                                (no ring)

@: no status effects
A: almost no armour, stealthy swim, amphibious, 8 rings, constrict 8, camouflage
1, gelatinous body 1
a: no special abilities


You were on level 2 of the Dungeon.
You visited 1 branch of the dungeon, and saw 2 of its levels.

You collected 44 gold pieces.

Inventory:

Hand Weapons
 a - a +0 dagger
 k - a +0 short sword of holy wrath (weapon)
Armour
 b - a +0 hat (worn)
Scrolls
 c - a scroll of blinking {unknown}
 d - a scroll of enchant weapon {unknown}
 e - a scroll of identify {unknown}
 g - a scroll of remove curse
 h - a scroll of teleportation {unknown}
Potions
 f - a potion of degeneration {unknown}
 i - a potion of invisibility {unknown}
 j - 2 potions of berserk rage {unknown}


   Skills:
 - Level 2.0 Dodging
 + Level 3.1 Stealth
 + Level 3.1 Spellcasting
 * Level 1.7 Conjurations
 * Level 1.7 Summonings
 - Level 1.0 Translocations


You had 6 spell levels left.
You knew the following spells:

 Your Spells              Type           Power        Failure   Level
a - Magic Dart            Conj           32%          9%          1

Your spell library contained the following spells:

 Spells                   Type           Power        Failure   Level
 Call Imp                 Summ           8%           14%         2
 Blink                    Tloc           N/A          19%         2
 Slow                     Hex            2%           28%         2
 Conjure Flame            Conj/Fire      5%           36%         3
 Mephitic Cloud           Conj/Pois/Air  4%           41%         3


Dungeon Overview and Level Annotations

Branches:
Dungeon (2/15)

Altars:


Innate Abilities, Weirdness & Mutations

You cannot wear most types of armour.
You are very stealthy in the water. (Stealth+)
You are amphibious.
You can wear up to eight rings at the same time.
You can use your tentacles to constrict eight enemies at once.
Your skin changes colour to match your surroundings (Stealth+).
Your rubbery body absorbs attacks. (AC +1, EV +1)


Message History

Your grab misses the adder skeleton.
You squeeze the adder skeleton, but do no damage.
The adder skeleton is moderately damaged.
The adder skeleton bites you.
An adder skeleton is nearby!
You are too injured to fight recklessly!
An adder skeleton is nearby!
You are too injured to fight recklessly!
You barely miss the adder skeleton. You grab the adder skeleton.
The adder skeleton is moderately damaged.
You constrict the adder skeleton. The adder skeleton bites you. x2
* * * LOW HITPOINT WARNING * * *
You hit the adder skeleton.
The adder skeleton convulses.
The adder skeleton is severely damaged.
You constrict the adder skeleton, but do no damage.
The adder skeleton barely misses you.
You completely miss the adder skeleton.
The adder skeleton is severely damaged.
You constrict the adder skeleton. The adder skeleton bites you.
You die...

###. .#.##..# ... ..##..#
..####.######.##..#
P8.....)...##.##..#####.#
..####..................#
#.###.######.###### # #.
#.# #..# ....###Z#####.##
##...)@....#.#
#####.###.#<# #.# #.# #)#
#.# #.# #.# ... #.# #..
#.# ... ..# ###


You could see an adder skeleton.

Vanquished Creatures
  A dart slug (D:1)
  A leopard gecko (D:1)
  4 goblins
  3 hobgoblins
  3 kobolds
  A frilled lizard (D:1)
  A jackal skeleton (D:2)
  5 rats (D:1)
19 creatures vanquished.

Notes
Turn   | Place    | Note
-------+----------+-------------------------------------------
     0 | D:1      | thiole the Octopode Hedge Wizard began the quest for the
                  | Orb.
     0 | D:1      | Reached XP level 1. HP: 11/11 MP: 4/4
   361 | D:1      | Reached XP level 2. HP: 17/17 MP: 0/6
   920 | D:2      | Slain by an adder skeleton

Illustrated notes

Levels and vault maps discovered:
D:1:      lightli_iron_boxes, layout_rooms, minmay_misc_feat_square
D:2:      layout_loops_ring, serial_undead, serial_undead_e, serial_undead_c,
          serial_undead_c, serial_undead_b

Skill      XL: |  1  2 |
---------------+-------+-----
Stealth        | 3 |  3.1
Dodging        | |  2.0
Spellcasting   | |  3.1
Conjurations   | |  1.7
Summonings     | |  1.7
Translocations | |  1.0

Action                   || total
-------------------------++-------
Melee: Dagger            ||     4
       Short sword       ||     9
       Constrict         ||     4
       Tentacles         ||     2
 Cast: Magic Dart        ||    39
  Use: Scroll            ||     1
Dodge: Dodged            ||     3
